 Dungeon Crawl Stone Soup version 0.21.1-1-g345015f (webtiles) character file.

2987 diana the Martial Artist (level 9, -11/62 HPs)
             Began as an Octopode Transmuter on June 21, 2018.
             Was an Initiate of Gozag.
             Mangled by a gargoyle
             ... wielding a +0 morningstar of holy wrath
              (22 damage)
             ... on level 8 of the Dungeon.
             The game lasted 00:15:46 (8812 turns).

diana the Martial Artist (Octopode Transmuter)      Turns: 8812, Time: 00:15:47

Health: -11/62     AC:  2    Str: 12    XL:     9   Next: 83%
Magic:  16/17      EV: 19    Int: 16    God:    Gozag
Gold:   876        SH:  3    Dex: 17    Spells: 13/19 levels left

rFire    . . .     SeeInvis +     - Unarmed
rCold    . . .     Gourm    .   (shield currently unavailable)
rNeg     . . .     Faith    .   (helmet currently unavailable)
rPois    x         Spirit   .   r - +3 amulet of reflection
rElec    .         Reflect  +   g - ring of protection from magic
rCorr    .         Harm     .   j - ring of stealth
MR       +....                  (no ring)
Stlth    +++.......             (no ring)
HPRegen  0.20/turn              (no ring)
MPRegen  0.15/turn              (no ring)
                                (no ring)
                                (no ring)

@: spider-form (expiring)
A: tiny, almost no armour, stealthy swim, (amphibious), 8 rings, (constrict 8),
see invisible, evolution 1
a: End Transformation, Potion Petition, Call Merchant, Bribe Branch, Renounce
Religion


You were on level 8 of the Dungeon.
You worshipped Gozag.
Gozag was pleased with you.
You were not hungry.
You were a venomous arachnid creature.
You visited 2 branches of the dungeon, and saw 9 of its levels.
You also visited: Ossuary.

You collected 929 gold pieces.
You paid 53 gold pieces to Gozag.

Inventory:

Missiles
 a - 110 arrows
Armour
 f - a +0 buckler
 p - a +0 large shield
Jewellery
 g - a ring of protection from magic (left front leg)
 j - a ring of stealth (right front leg)
 r - a +3 amulet of reflection (around neck)
 C - an uncursed amulet of magic regeneration
 E - an uncursed ring of stealth
Wands
 l - a wand of iceblast (9)
 w - a wand of random effects (23)
 z - a wand of clouds (3)
 D - a wand of flame (22)
Scrolls
 e - 5 scrolls of blinking
 h - 4 scrolls of remove curse
 i - a scroll of teleportation
 o - 4 scrolls of enchant weapon {unknown}
 s - 5 scrolls of identify
 u - 2 scrolls of noise {unknown}
 v - a scroll of magic mapping {unknown}
 B - a scroll of immolation {unknown}
Potions
 d - 4 potions of brilliance
 k - 5 potions of haste
 m - a potion of heal wounds
 n - 2 potions of flight
 q - 2 potions of agility
 t - 4 potions of curing
 x - a potion of magic
 A - 2 potions of might
Books
 b - a book of Changes

   Spells                             Type                      Level
   a - Beastly Appendage              Transmutation                1
   b - Sticks to Snakes               Transmutation                2
   c - Spider Form                    Transmutation/Poison         3
   d - Ice Form                       Ice/Transmutation            4
   e - Blade Hands                    Transmutation                5
 y - a book of Flames

   Spells                             Type                      Level
   a - Flame Tongue                   Conjuration/Fire             1
   b - Throw Flame                    Conjuration/Fire             2
   c - Conjure Flame                  Conjuration/Fire             3
   d - Inner Flame                    Hexes/Fire                   3
   e - Sticky Flame                   Conjuration/Fire             4
   f - Fireball                       Conjuration/Fire             5
Comestibles
 c - 7 rations


   Skills:
 + Level 6.0 Fighting
 - Level 2.0 Dodging
 * Level 9.0 Unarmed Combat
 + Level 5.7 Spellcasting
 + Level 6.2 Transmutations


You had 13 spell levels left.
You knew the following spells:

 Your Spells              Type           Power        Failure   Level  Hunger
a - Beastly Appendage     Tmut           ###...       5%          1    None
b - Sticks to Snakes      Tmut           ###.....     7%          2    #......
c - Spider Form           Tmut/Pois      ##........   28%         3    ##.....


Dungeon Overview and Level Annotations

Branches:
Dungeon (8/15)             Temple (1/1) D:4
   Lair: D:8-11

Altars:
Ashenzari
Cheibriados
Dithmenos
Elyvilon
Fedhas
Gozag
Hepliaklqana
Kikubaaqudgha
Makhleb
Nemelex Xobeh
Okawaru
Qazlal
Ru
Sif Muna
Trog
Uskayaw
Vehumet
Wu Jian
Xom
Yredelemnul
Zin
The Shining One

Shops:
D:4 (


Innate Abilities, Weirdness & Mutations

You cannot wear most types of armour.
You are very stealthy in the water. (Stealth+)
((You are amphibious.))
You can wear up to eight rings at the same time.
((You can use your tentacles to constrict eight enemies at once.))
((Your skin changes colour to match your surroundings (Stealth+).))
((Your rubbery body absorbs attacks. (AC +1, EV +1)))
You have supernaturally acute eyesight. (SInv)
((Your flesh is heat resistant. (rF+)))
You evolve.


Message History

The gargoyle hurls a stone arrow at you.
The stone arrow hits you!
* * * LOW HITPOINT WARNING * * *
You barely miss the gargoyle.
The gargoyle is heavily damaged.
The gargoyle barely misses you.
You feel much better.
The gargoyle hits you with a morningstar of holy wrath!
* * * LOW HITPOINT WARNING * * *
You feel much better.
You hit the gargoyle.
The gargoyle is severely damaged.
Your transformation is almost over.
The gargoyle hits you with a morningstar of holy wrath!!
* * * LOW HITPOINT WARNING * * *
You hit the gargoyle but do no damage.
The gargoyle is severely damaged.
The gargoyle hits you with a morningstar of holy wrath!!
You die...
Your body crumbles into a pile of gold.

#.....###..............
#####..#...............
#.(................ #
######..............##
..#...>.###############.
.........#.......'......
.........#......>#......
........9#.......#......
.......s.#.......#......
.###.##.##########...##.
###+##.##########...##.
#..(...................
.#......................
........................
....###...##..##<##..##.
.######...##..##.##..##.
#...........>.......


You could see a gargoyle.

Vanquished Creatures
  Pikel (D:7)
  Grinder (D:4)
  A hippogriff (D:7)
  Duvessa (D:4)
  2 ice beasts
  3 slaves (D:7)
  An ogre (D:7)
  2 big kobolds (D:8)
  A bullfrog (D:6)
  Dowan (D:4)
  3 scorpions
  4 wights
  5 crimson imps
  4 howler monkeys
  4 centaur zombies
  2 orc priests
  A human zombie (Ossuary)
  4 orc wizards
  2 bullfrog skeletons
  Jessica (D:3)
  3 iguanas
  5 worker ants
  A big kobold zombie (Ossuary)
  A hound skeleton (D:4)
  2 mummies (Ossuary)
  A worker ant zombie (D:5)
  6 adders
  An adder zombie (Ossuary)
  2 adder skeletons (D:5)
  3 worms
  A dart slug (D:4)
  5 leopard geckos
  20 orcs
  13 bats
  5 giant cockroaches
  2 gnoll zombies (D:2)
  5 goblins
  6 hobgoblins
  6 jackals
  11 kobolds
  3 quokkas
  A ball python (D:4)
  5 frilled lizards
  2 goblin zombies (D:4)
  10 hobgoblin zombies (Ossuary)
  A jackal skeleton (D:5)
  2 jackal zombies
  10 kobold zombies (Ossuary)
  A leopard gecko skeleton (D:6)
  8 orc zombies (Ossuary)
  A quokka skeleton (D:8)
  5 rats
  3 rat zombies (Ossuary)
195 creatures vanquished.

Notes
Turn   | Place    | Note
-------+----------+-------------------------------------------
     0 | D:1      | diana the Octopode Transmuter began the quest for the Orb.
     0 | D:1      | Reached XP level 1. HP: 13/13 MP: 3/3
   452 | D:1      | Reached XP level 2. HP: 18/18 MP: 3/5
  1054 | D:2      | Reached XP level 3. HP: 19/23 MP: 4/6
  1536 | D:2      | Found a basalt altar of Yredelemnul.
  1607 | D:2      | Found a deep blue altar of Sif Muna.
  1668 | D:3      | Noticed a scorpion
  1681 | D:3      | Killed a scorpion
  1681 | D:3      | Reached skill level 4 in Unarmed Combat
  1681 | D:3      | Reached XP level 4. HP: 29/29 MP: 5/7
  2038 | D:3      | Noticed Jessica
  2048 | D:3      | Killed Jessica
  2048 | D:3      | Reached XP level 5. HP: 34/34 MP: 7/9
  2257 | D:3      | Learned a level 2 spell: Sticks to Snakes
  2322 | D:4      | Noticed Duvessa
  2352 | D:4      | Noticed Grinder
  2363 | D:4      | Paralysed by Grinder for 7 turns
  2381 | D:4      | Killed Grinder
  2381 | D:4      | Reached skill level 5 in Unarmed Combat
  2381 | D:4      | Reached XP level 6. HP: 20/42 MP: 8/10
  2551 | D:4      | Found Komeacw's Antique Weapon Boutique.
  2576 | D:4      | Found a sand-covered staircase.
  2583 | Ossuary  | Entered an ossuary
  2705 | Ossuary  | Reached XP level 7. HP: 38/46 MP: 10/12
  3249 | D:4      | Found a staircase to the Ecumenical Temple.
  3276 | Temple   | Entered the Ecumenical Temple
  3610 | Temple   | Became a worshipper of Gozag Ym Sagoz the Greedy
  3761 | D:4      | Noticed Dowan
  3772 | D:4      | Killed Duvessa
  3772 | D:4      | Reached skill level 6 in Unarmed Combat
  3777 | D:4      | Killed Dowan
  4257 | D:4      | Learned a level 2 spell: Sticks to Snakes
  4261 | D:4      | Learned a level 3 spell: Spider Form
  4278 | D:5      | Entered Level 5 of the Dungeon
  4324 | D:5      | Reached XP level 8. HP: 45/54 MP: 11/14
  5175 | D:5      | Found a snail-covered altar of Cheibriados.
  5175 | D:5      | Found a white marble altar of Elyvilon.
  5175 | D:5      | Found a bloodstained altar of Trog.
  5175 | D:5      | Found an ancient bone altar of Kikubaaqudgha.
  5182 | D:5      | Found a hide-covered altar of Uskayaw.
  5182 | D:5      | Found a glowing silver altar of Zin.
  5345 | D:6      | Reached skill level 7 in Unarmed Combat
  5645 | D:6      | Found a radiant altar of Vehumet.
  5753 | D:6      | Found a hazy altar of Hepliaklqana.
  5754 | D:6      | Found a shimmering altar of Xom.
  5754 | D:6      | Noticed a tentacled monstrosity
  5755 | D:6      | Noticed a tentacled monstrosity
  5755 | D:6      | Noticed a spectral ugly thing
  5803 | D:6      | You fall through a shaft!
  5855 | D:7      | Reached skill level 5 in Transmutations
  6133 | D:7      | Found a glowing golden altar of the Shining One.
  6936 | D:7      | Noticed a hippogriff
  6945 | D:7      | Killed a hippogriff
  6945 | D:7      | Reached skill level 5 in Fighting
  6945 | D:7      | Reached skill level 5 in Spellcasting
  6945 | D:7      | Reached XP level 9. HP: 53/61 MP: 13/16
  7229 | D:6      | Reached skill level 8 in Unarmed Combat
  7587 | D:6      | Gained mutation: You have supernaturally acute eyesight. (SInv) [potion of mutation]
  7587 | D:6      | Gained mutation: Your flesh is heat resistant. (rF+) [potion of mutation]
  7587 | D:6      | Gained mutation: You evolve. [potion of mutation]
  7787 | D:7      | Noticed Pikel
  7803 | D:7      | Killed Pikel
  8136 | D:8      | Found a shadowy altar of Dithmenos.
  8177 | D:8      | Noticed a gargoyle
  8589 | D:8      | Reached skill level 9 in Unarmed Combat
  8812 | D:8      | Mangled by a gargoyle

Skill      XL: |  1  2  3  4  5  6  7  8  9 |
---------------+----------------------------+-----
Fighting       | 2 3 5 6 |  6.0
Unarmed Combat | 4 5 6 7 9 |  9.0
Transmutations | 3 4 5 6 |  6.2
Spellcasting   | 3 4 5 |  5.7
Dodging        | |  2.0

Action                   |  1- 3 |  4- 6 |  7- 9 || total
-------------------------+-------+-------+-------++-------
Melee: Unarmed           |    53 |   121 |   351 ||   525
       Constrict         |    15 |    38 |    58 ||   111
       Kick              |    13 |    33 |    45 ||    91
       Tentacles         |    10 |    20 |    41 ||    71
       Punch             |     1 |     5 |     5 ||    11
 Cast: Beastly Appendage |    17 |    15 |    31 ||    63
       Spider Form       |       |       |    18 ||    18
  Use: Scroll            |       |     3 |    10 ||    13
       Potion            |       |     1 |     4 ||     5
 Stab: Sleeping          |     5 |     4 |     9 ||    18
  Eat: Chunk             |     3 |     2 |     2 ||     7
       Ration            |       |       |     6 ||     6
Armor: Skin              |     4 |     9 |     9 ||    22
Dodge: Dodged            |    29 |    49 |   166 ||   244
Block: Buckler           |     6 |    22 |     9 ||    37
       Other             |       |       |    27 ||    27
       Reflection        |       |       |     2 ||     2
